 Dungeon Crawl Stone Soup version 0.28.0-43-g3370ac3207 (webtiles) character file.

Game seed: 10659931051935425872

798 Faeu the Shield-Bearer (level 7, -2/63 HPs)
             Began as a Minotaur Fighter on Mar 19, 2022.
             Was a Follower of Makhleb.
             Killed by divine providence
             ... invoked by an orc priest
              (11 damage)
             ... on level 5 of the Dungeon.
             The game lasted 00:30:31 (3895 turns).

Faeu the Shield-Bearer (Minotaur Fighter)           Turns: 3895, Time: 00:30:32

Health: -2/63      AC:  8    Str: 22    XL:     7   Next: 58%
Magic:  6/6        EV:  9    Int:  5    God:    Makhleb [*.....]
Gold:   182        SH:  6    Dex: 16    Spells: 6/6 levels left

rFire   . . .      SeeInvis +   r - +4 hand axe of Oxela {freeze, rN+ Dex+6, axe}
rCold   . . .      Faith    .   c - +0 buckler
rNeg    + . .      Spirit   .   b - +1 scale mail
rPois   .          Reflect  .   (helmet restricted)
rElec   .          Harm     .   (no cloak)
rCorr   .          Rampage  .   (no gloves)
Will    .....                   (no boots)
Stlth   ..........              u - amulet of regeneration {@e2}
HPRegen 1.00/turn               y - ring of see invisible
MPRegen 0.10/turn               (no ring)

@: lethally poisoned (-2 -> -2)
A: horns 2, retaliatory headbutt
a: Renounce Religion


You were on level 5 of the Dungeon.
You worshipped Makhleb.
Makhleb was aware of your devotion.
You visited 1 branch of the dungeon, and saw 5 of its levels.
You also visited: Ossuary.

You collected 182 gold pieces.


Innate Abilities, Weirdness & Mutations

You have a pair of horns on your head.
You reflexively headbutt those who attack you in melee.


   Skills:
 + Level 6.2 Fighting
 + Level 5.5 Long Blades
 + Level 6.2 Armour
 + Level 6.3 Shields


You had 6 spell levels left.
You didn't know any spells.
Your spell library contained the following spells:

 Spells                   Type           Power      Damage    Failure   Level
 Sublimation of Blood     Necr           0%         N/A       94%         2
 Petrify                  Tmut/Erth      0%         N/A       100%        4
 Irradiate                Conj/Tmut      0%         3d13      100%        5

Inventory:

Hand Weapons
 a - a +0 long sword {long}
 r - the +4 hand axe of Oxela (weapon) {freeze, rN+ Dex+6, axe}
   (You found it on level 4 of the Dungeon)

   It freezes those it strikes, dealing additional cold damage.
   It can also slow down cold-blooded creatures.
   Dex:       It affects your dexterity (+6).
   rN:        It protects you from negative energy.
Missiles
 f - 164 stones (quivered) {throwing}
 i - 41 sling bullets
 k - 5 atropa-tipped darts {throwing}
 o - 12 bolts
 x - 49 arrows
 I - 2 poisoned darts {throwing}
Armour
 b - a +1 scale mail (worn)
 c - a +0 buckler (worn)
 v - the +0 pair of boots "Uckusinn" {Harm rElec Int+7 Dex-5}
   (You found it on level 3 of the Dungeon)

   Int:       It affects your intelligence (+7).
   Dex:       It affects your dexterity (-5).
   rElec:     It insulates you from electricity.
   Harm:      It increases damage dealt and taken.
Magical Staves
 l - a staff of fire {!astaff}
   (You found it on level 1 of the Dungeon)
Jewellery
 u - an amulet of regeneration (around neck) {@e2}
   (You found it on level 4 of the Dungeon)
 y - a ring of see invisible (left hand)
   (You found it in an ossuary)
Wands
 n - a wand of flame (16)
   (You found it on level 4 of the Dungeon)
Scrolls
 e - a scroll of immolation {!r!r}
 j - 3 scrolls of fear
 m - a scroll of brand weapon {unknown}
 q - a scroll of holy word {unknown}
 t - 7 scrolls of teleportation {@r4}
 w - 4 scrolls of identify {@r1}
 A - a scroll of silence {unknown}
 C - 2 scrolls of enchant armour
 E - a scroll of amnesia {unknown}
 F - a scroll of noise {unknown}
 G - 2 scrolls of enchant weapon
Potions
 d - a potion of might
 g - 3 potions of degeneration {!q@e2}
 h - 3 potions of heal wounds {unknown}
 p - a potion of berserk rage {unknown}
 s - 3 potions of curing {unknown}
 z - 2 potions of magic {unknown}
 B - a potion of brilliance {unknown}
 D - a potion of mutation {unknown}
 H - a potion of flight {unknown}

Dungeon Overview and Level Annotations

Branches:
Dungeon (5/15)            Ossuary (visited)
 Temple: D:4-7

Altars:
Cheibriados
Makhleb
Nemelex Xobeh
Zin

.# .# .# .# #.. . ## .#
###.# .###.# ##.# ..
.... ..###.###.####
.####.####......#o)..o#
.##.....##..# #@##.#.#
.#.......#..# #.# ...
.#.......#..# #.# ..o..
....._......####.#
.......
.#.......#.......#
.....##
.#.......#..######
#...## .##.....##..#
#... .####.####.##
...........#


You could see an orc priest and an orc (wandering).


Message History

😕 HP[-3]
You take 3 damage, and now have 60/63 hp.
The orc shouts!
You hit the orc but do no damage. You headbutt the orc!
You kill the orc!
Makhleb accepts your kill.
You hear a shout! x2 😕 HP[+1]
You hit the orc priest but do no damage.
You headbutt the orc priest!
The orc priest hits you with a +0 falchion. 😕 HP[-1]
You take 1 damage, and now have 60/63 hp.
The orc priest calls down the wrath of Beogh upon you.
Pain shoots through your body! 😕 HP[-6]
You take 6 damage, and now have 54/63 hp.
You closely miss the water moccasin. The water moccasin barely misses you.
The orc priest looks encouraged for a moment.
The water moccasin bites you but does no damage.
The orc priest looks encouraged for a moment. 😕 HP[+2]
You regained 2 hp, and now have 56/63 hp.
You slash the water moccasin!
The water moccasin seems to slow down.
You freeze the water moccasin.
Your headbutt misses the water moccasin.
The water moccasin is no longer moving slowly.
You block the water moccasin's attack.
The water moccasin barely misses you. 😕 HP[+1]
You completely miss the water moccasin. You block the water moccasin's attack.
The water moccasin bites you.
You are poisoned.
The water moccasin poisons you! 😕 HP[-2]
You take 2 damage, and now have 55/63 hp.
You closely miss the water moccasin.
You feel very sick. The water moccasin bites you. 😕 HP[-6]
You take 6 damage, and now have 49/63 hp.
You barely miss the water moccasin.
Your headbutt misses the water moccasin.
You feel very sick. The water moccasin bites you.
You are more poisoned.
The water moccasin poisons you! The water moccasin bites you.
You are more poisoned.
The water moccasin poisons you!
The orc priest miscasts a cantrip.
An orc comes into view. It is wielding a +0 hand axe.
You hear a shout! 😮 HP[-12]
You take 12 damage, and now have 37/63 hp.
You closely miss the water moccasin.
You feel extremely sick.
You hear a shout!
The water moccasin bites you.
* * * LOW HITPOINT WARNING * * *
The water moccasin closely misses you. 😨 HP[-12]
You take 12 damage, and now have 25/63 hp.
You barely miss the water moccasin.
Your headbutt misses the water moccasin.
You feel extremely sick.
The water moccasin bites you but does no damage.
The water moccasin bites you.
* * * LOW HITPOINT WARNING * * *
😨 HP[-6]
You take 6 damage, and now have 19/63 hp.
You slash the water moccasin! You freeze the water moccasin.
You kill the water moccasin!
Makhleb accepts your kill.
You feel very sick. 😱 HP[-4]
You take 4 damage, and now have 15/63 hp.
You closely miss the orc.
You feel very sick. The orc closely misses you. You furiously retaliate!
You headbutt the orc. 😱 HP[-2]
You take 2 damage, and now have 13/63 hp.
You hit the orc. You freeze the orc.
You kill the orc!
Makhleb accepts your kill.
You feel very sick. The orc completely misses you. 😱 HP[-2]
You take 2 damage, and now have 11/63 hp.
You hit the orc. You freeze the orc.
You kill the orc!
Makhleb accepts your kill.
You feel sick.
The orc priest hits you with a +0 falchion.
* * * LOW HITPOINT WARNING * * *
😱 HP[-1]
You take 1 damage, and now have 10/63 hp.
You barely miss the orc priest.
You feel sick.
An orc comes into view. It is wielding a +1 dagger of speed.
The orc priest invokes the aid of Beogh against you.
Beogh smites you!
You die...

Skill      XL: |  1  2  3  4  5  6  7 |
---------------+----------------------+-----
Shields        | 4 5 6 |  6.3
Fighting       | 4 5 6 |  6.2
Armour         | 4 5 6 |  6.2
Long Blades    | 3 4 5 |  5.5

Action                   |  1- 3 |  4- 6 |  7- 9 || total
-------------------------+-------+-------+-------++-------
Melee: Long sword        |    59 |     7 |       ||    66
       Headbutt          |     8 |    18 |     3 ||    29
       Hand axe          |       |    79 |    22 ||   101
       Staff             |       |     6 |       ||     6
Throw: Stone             |       |     3 |     1 ||     4
Evoke: Wand              |       |       |     1 ||     1
  Use: Scroll            |     1 |     7 |     2 ||    10
Armor: Scale mail        |    35 |    28 |     5 ||    68
Dodge: Dodged            |    42 |    36 |     9 ||    87
Block: Buckler           |    13 |    17 |     4 ||    34

Levels and vault maps discovered:
D:1:      nzn_arrival_settlement, layout_basic
D:2:      layout_basic, minmay_hexomino_p4
D:3:      layout_rooms, grunt_temple_overflow_order_and_chaos_2,
          chequers_ecumenical_altar_lobes, minmay_statues_item
D:4:      layout_cave_pools, nicolae_overflow_crystal_walls, serial_rivers,
          chequers_serial_rivers_micro_a, chequers_serial_rivers_small_a,
          chequers_serial_rivers_marsh, chequers_serial_rivers_micro_a
D:5:      layout_loops_ring, old_standard_altar,
          mainiacjoe_overflow_surrounded_room, enter_ossuary_3,
          uniq_crazy_yiuf_cottage

Notes
Turn   | Place    | Note
-------+----------+-------------------------------------------
     0 | D:1      | Faeu the Minotaur Fighter began the quest for the Orb.
     0 | D:1      | Reached XP level 1. HP: 19/19 MP: 0/0
     0 | D:1      | magus.rc [v1.9.6]
   171 | D:1      | Reached XP level 2. HP: 27/27 MP: 1/1
   292 | D:1      | Reached skill level 4 in Shields
   418 | D:1      | Reached skill level 4 in Fighting
   428 | D:1      | Reached skill level 4 in Armour
   640 | D:2      | Reached skill level 3 in Long Blades
   643 | D:2      | Reached XP level 3. HP: 33/33 MP: 2/2
   705 | D:2      | You fall into a shaft and drop 2 floors!
   757 | D:4      | Reached XP level 4. HP: 13/41 MP: 3/3
  1094 | D:4      | Identified the +4 hand axe of Oxela {freeze, rN+ Dex+6}
  1111 | D:4      | Noticed a necrophage
  1143 | D:4      | Killed a necrophage
  1144 | D:4      | Reached skill level 4 in Long Blades
  1144 | D:4      | Reached XP level 5. HP: 43/47 MP: 4/4
  1279 | D:3      | Identified the +0 pair of boots "Uckusinn" {Harm rElec
                  | Int+7 Dex-5}
  1287 | D:3      | Found a glowing silver altar of Zin.
  1287 | D:3      | Found a burning altar of Makhleb.
  1288 | D:3      | Noticed a green death
  1288 | D:3      | Noticed an angel
  1313 | D:3      | Became a worshipper of Makhleb the Destroyer
  1416 | D:3      | Found a faded altar of an unknown god.
  1463 | D:3      | Reached skill level 5 in Shields
  1519 | D:3      | You pick up a book of Alchemy and begin reading...
  1519 | D:3      | You add the spells Sublimation of Blood, Petrify and
                  | Irradiate to your library.
  1573 | D:3      | Reached skill level 5 in Fighting
  1573 | D:3      | Reached skill level 5 in Armour
  3087 | D:4      | Found a sparkling altar of Nemelex Xobeh.
  3233 | D:5      | Entered Level 5 of the Dungeon
  3241 | D:5      | Found a sand-covered staircase.
  3254 | Ossuary  | Entered an ossuary
  3254 | Ossuary  | Noticed a wraith
  3254 | Ossuary  | Noticed a wraith
  3254 | Ossuary  | Noticed a wraith
  3318 | Ossuary  | Reached XP level 6. HP: 56/56 MP: 5/5
  3475 | Ossuary  | Noticed a wraith
  3479 | Ossuary  | Killed a wraith
  3739 | D:5      | Noticed an ice beast
  3761 | D:4      | Reached skill level 5 in Long Blades
  3761 | D:4      | Reached XP level 7. HP: 61/62 MP: 6/6
  3776 | D:5      | Reached skill level 6 in Armour
  3776 | D:5      | Reached skill level 6 in Shields
  3794 | D:5      | Reached skill level 6 in Fighting
  3819 | D:5      | Reached * piety under Makhleb
  3853 | D:5      | Found a snail-covered altar of Cheibriados.
  3891 | D:5      | HP: 15/63 [poisoned by a water moccasin]
  3895 | D:5      | Killed from afar by an orc priest

Vanquished Creatures
  A wraith (Ossuary)
  A water moccasin (D:5)
  An ice beast (D:5)
  A necrophage (D:4)
  A phantom (D:4)
  A bullfrog zombie (D:5)
  2 hounds
  A jelly (D:4)
  3 mummies (Ossuary)
  6 adders
  A worm zombie (D:5)
  A worm (D:4)
  A dart slug (D:3)
  5 orcs
  6 bats
  3 endoplasms
  2 giant cockroaches
  4 goblins
  4 hobgoblins
  10 kobolds
  3 quokkas
  3 ball pythons
  7 frilled lizards
  A gnoll zombie (Ossuary)
  4 goblin zombies (Ossuary)
  3 hobgoblin zombies (Ossuary)
  5 kobold zombies (Ossuary)
  2 rats (D:1)
83 creatures vanquished.

Table legend:
 A = Non-vault XP
 B = Vault XP
 C = Vault XP percentage of total XP
 D = Non-vault monster count
 E = Vault monster count
 F = Vault count percentage of total count
                 A         B        C        D         E       F
            +---------+---------+-------+---------+---------+-------
      Total |     842 |     299 |  26.2 |      62 |      21 |  25.3
            +---------+---------+-------+---------+---------+-------
        D:1 |      32 |       0 |   0.0 |      22 |       0 |   0.0
        D:2 |      45 |       6 |  11.8 |       8 |       3 |  27.3
        D:3 |      56 |       0 |   0.0 |      11 |       0 |   0.0
        D:4 |     329 |       0 |   0.0 |      12 |       0 |   0.0
        D:5 |     380 |       6 |   1.6 |       9 |       1 |  10.0
    Ossuary |       0 |     287 | 100.0 |       0 |      17 | 100.0
            +---------+---------+-------+---------+---------+-------

Illustrated notes

Table legend:
 A = Kills in this place as a percentage of kills in entire the game.
 B = Kills by you in this place as a percentage of kills by you in the entire game.
 C = Kills by friends in this place as a percentage of kills by friends in the entire game.
 D = Other kills in this place as a percentage of other kills in the entire game.
 E = Experience gained in this place as a percentage of experience gained in the entire game.
 F = Experience gained in this place divided by the number of levels of this place that you have seen.
                   A       B       C       D       E      F
               +-------+-------+-------+-------+-------+----------------------
         Total | 100.0 | 100.0 |   N/A |   N/A | 100.0 | 190.2
       Dungeon |  79.5 |  79.5 |   N/A |   N/A |  74.8 | 170.8
       Ossuary |  20.5 |  20.5 |   N/A |   N/A |  25.2 | 287.0
               +-------+-------+-------+-------+-------+----------------------

Table legend: (Time is in decaauts)
 A = Elapsed time spent in this place.
 B = Non-inter-level travel time spent in this place.
 C = Inter-level travel time spent in this place.
 D = Time resting spent in this place.
 E = Time spent auto-exploring this place.
 F = Levels seen in this place.
 G = Mean time per level.
                   A        B        C        D        E       F      G
               +--------+--------+--------+--------+--------+-----+--------+
         Total |   3961 |   3892 |     69 |    403 |   1825 |   6 |  660.2 |
       Dungeon |   3556 |   3487 |     69 |    403 |   1582 |   5 |  711.2 |
       Ossuary |    405 |    405 |      0 |      0 |    243 |   1 |  405.0 |
               +--------+--------+--------+--------+--------+-----+--------+

Top non-repeatable levels by time:
     D:2: 977 daAuts
     D:4: 913 daAuts
     D:3: 773 daAuts
     D:1: 633 daAuts
 Ossuary: 405 daAuts
     D:5: 259 daAuts
